| TOP OF THE 1ST |
|
Rome Braves batting - Pitching for Hillsboro Hops : RHP Josh Klarich
|
|
Pitching: RHP Josh Klarich
|
|
|
Batting: LHB J.P. Olson
|
0-0: Fly out, F9 (Flyball, 9D, EV 97.5 MPH)
|
|
Batting: RHB Badr al Din Ridha
|
0-0: Called Strike 0-1: Ball 1-1: Ball 2-1: Foul Ball, location: 2F 2-2: Foul Ball, location: 2F 2-2: Fly out, F7 (Flyball, 7LM, EV 86.3 MPH)
|
|
Batting: LHB Mike Tenorio
|
0-0: Called Strike 0-1: Swinging Strike 0-2: Ball 1-2: Foul Ball, location: 2F 1-2: Foul Ball, location: 2F 1-2: Ball 2-2: Ball 3-2: Foul Ball, location: 2F 3-2: Strikes out swinging
|
| Top of the 1st over - 0 runs, 0 hits, 0 errors, 0 left on base; Rome 0 - Hillsboro 0 |
| BOTTOM OF THE 1ST |
|
Hillsboro Hops batting - Pitching for Rome Braves : RHP Marvin Rosas
|
|
Pitching: RHP Marvin Rosas
|
|
|
Batting: RHB Brandon Joshua
|
0-0: Foul Ball, location: 2F 0-1: Swinging Strike 0-2: Ball 1-2: Strikes out swinging
|
|
Batting: RHB Larry Valencia
|
0-0: Ball 1-0: TRIPLE (Flyball, 89XD, EV 106.9 MPH)
|
|
Batting: RHB Larry Hardman
|
0-0: Swinging Strike 0-1: Foul Ball, location: 2F 0-2: Ball 1-2: Foul Ball, location: 2F 1-2: Fly out, F7 (Flyball, 78M, EV 80.6 MPH)
|
|
Batting: RHB Jeremy Coffey
|
0-0: Called Strike 0-1: SINGLE (Line Drive, 34, EV 103.1 MPH) Larry Valencia scores
|
|
Batting: LHB Andy Wilmoth
|
0-0: Called Strike 0-1: Foul Ball, location: 2F 0-2: Strikes out swinging
|
| Bottom of the 1st over - 1 run, 2 hits, 0 errors, 1 left on base; Rome 0 - Hillsboro 1 |
| TOP OF THE 2ND |
|
Rome Braves batting - Pitching for Hillsboro Hops : RHP Josh Klarich
|
|
Batting: RHB Ike Trout
|
0-0: Ball 1-0: Ball 2-0: Ball 3-0: Base on Balls
|
|
Batting: LHB Javier Rubio
|
0-0: Foul Ball, location: 2F 0-1: Swinging Strike 0-2: Ball 1-2: Ball 2-2: Strikes out swinging
|
|
Batting: RHB Alex Velasquez
|
0-0: Called Strike 0-1: Called Strike 0-2: Ball 1-2: Ball Ike Trout steals 2nd base 2-2: Ball 3-2: TRIPLE (Line Drive, 78XD, EV 107.5 MPH) Ike Trout scores
|
|
Batting: LHB Joe Phillips
|
0-0: Ball 1-0: Ball 2-0: Foul Ball, location: 2F 2-1: Foul Ball, location: 2F 2-2: Strikes out swinging
|
|
Batting: RHB Ryan Allison
|
0-0: Ball 1-0: Foul Ball, location: 2F 1-1: Ball 2-1: DOUBLE (Flyball, 89XD, EV 100.0 MPH) Alex Velasquez scores
|
|
Batting: SHB Juan Aguilar
|
0-0: Ball 1-0: Ball 2-0: Swinging Strike 2-1: Ball 3-1: Swinging Strike 3-2: Strikes out looking
|
| Top of the 2nd over - 2 runs, 2 hits, 0 errors, 1 left on base; Rome 2 - Hillsboro 1 |
| BOTTOM OF THE 2ND |
|
Hillsboro Hops batting - Pitching for Rome Braves : RHP Marvin Rosas
|
|
Batting: RHB Jeremy Adams
|
0-0: Ball 1-0: Called Strike 1-1: Swinging Strike 1-2: Strikes out swinging
|
|
Batting: RHB Bryan Shuller
|
0-0: Foul Ball, location: 2F 0-1: Foul Ball, location: 2F 0-2: Strikes out swinging
|
|
Batting: SHB Mike Kiefer
|
0-0: Ball 1-0: Ball 2-0: Foul Ball, location: 2F 2-1: Swinging Strike 2-2: Ball 3-2: Base on Balls
|
|
Batting: RHB Trevor Corey
|
0-0: Ball 1-0: Ground out 4-3 (Groundball, 34, EV 91.3 MPH)
|
| Bottom of the 2nd over - 0 runs, 0 hits, 0 errors, 1 left on base; Rome 2 - Hillsboro 1 |
| TOP OF THE 3RD |
|
Rome Braves batting - Pitching for Hillsboro Hops : RHP Josh Klarich
|
|
Batting: LHB J.P. Olson
|
0-0: Ball 1-0: Foul Ball, location: 2F 1-1: SINGLE (Line Drive, 9, EV 101.3 MPH)
|
|
Batting: RHB Badr al Din Ridha
|
0-0: Foul Ball, location: 2F 0-1: Ball 1-1: Ball 2-1: DOUBLE (Line Drive, 9LM, EV 109.4 MPH) J.P. Olson to third
|
|
Batting: LHB Mike Tenorio
|
0-0: Ball 1-0: Ground out 4-3 (Groundball, 4, EV 82.5 MPH) J.P. Olson scores Badr al Din Ridha to third
|
|
Batting: RHB Ike Trout
|
0-0: Ball 1-0: Ball 2-0: Fly out, F8 (Flyball, 78XD, EV 90.0 MPH) Runner from 3rd tags up, SCORES, no throw by CF
|
|
Batting: LHB Javier Rubio
|
0-0: Called Strike 0-1: Ball 1-1: Foul Ball, location: 2F 1-2: Ball 2-2: Foul Ball, location: 2F 2-2: Strikes out swinging
|
| Top of the 3rd over - 2 runs, 2 hits, 0 errors, 0 left on base; Rome 4 - Hillsboro 1 |
| BOTTOM OF THE 3RD |
|
Hillsboro Hops batting - Pitching for Rome Braves : RHP Marvin Rosas
|
|
Batting: RHB Brandon Joshua
|
0-0: Foul Ball, location: 2F 0-1: Ball 1-1: Ground out 6-3 (Groundball, 6, EV 84.4 MPH)
|
|
Batting: RHB Larry Valencia
|
0-0: Called Strike 0-1: Called Strike 0-2: Ball 1-2: Strikes out swinging
|
|
Batting: RHB Larry Hardman
|
0-0: Ground out 6-3 (Groundball, P, EV 81.3 MPH)
|
| Bottom of the 3rd over - 0 runs, 0 hits, 0 errors, 0 left on base; Rome 4 - Hillsboro 1 |
| TOP OF THE 4TH |
|
Rome Braves batting - Pitching for Hillsboro Hops : RHP Josh Klarich
|
|
Batting: RHB Alex Velasquez
|
0-0: Ball 1-0: Foul Ball, location: 2F 1-1: Called Strike 1-2: Ball 2-2: Foul Ball, location: 2F 2-2: Strikes out swinging
|
|
Batting: LHB Joe Phillips
|
0-0: Swinging Strike 0-1: Foul Ball, location: 2F 0-2: Ball 1-2: Strikes out looking
|
|
Batting: RHB Ryan Allison
|
0-0: Foul Ball, location: 2F 0-1: Foul Ball, location: 2F 0-2: Ball 1-2: Strikes out looking
|
| Top of the 4th over - 0 runs, 0 hits, 0 errors, 0 left on base; Rome 4 - Hillsboro 1 |
| BOTTOM OF THE 4TH |
|
Hillsboro Hops batting - Pitching for Rome Braves : RHP Marvin Rosas
|
|
Batting: RHB Jeremy Coffey
|
0-0: Ball 1-0: Fly out, F2 (Popup, 13S, EV 80.0 MPH)
|
|
Batting: LHB Andy Wilmoth
|
0-0: Ball 1-0: Ground out 5-3 (Groundball, 56, EV 85.0 MPH)
|
|
Batting: RHB Jeremy Adams
|
0-0: Ball 1-0: Called Strike 1-1: Ball 2-1: Foul Ball, location: 2F 2-2: Reached on error, E5 (Groundball, 56S, EV 81.3 MPH)
|
|
Batting: RHB Bryan Shuller
|
0-0: Foul Ball, location: 2F 0-1: Ball 1-1: Foul Ball, location: 2F 1-2: Strikes out looking
|
| Bottom of the 4th over - 0 runs, 0 hits, 1 error, 1 left on base; Rome 4 - Hillsboro 1 |
| TOP OF THE 5TH |
|
Rome Braves batting - Pitching for Hillsboro Hops : RHP Josh Klarich
|
|
Batting: SHB Juan Aguilar
|
0-0: Foul Ball, location: 2F 0-1: Foul Ball, location: 2F 0-2: Ball 1-2: Strikes out swinging
|
|
Batting: LHB J.P. Olson
|
0-0: Ball 1-0: Fly out, F9 (Flyball, 89S, EV 91.3 MPH)
|
|
Batting: RHB Badr al Din Ridha
|
0-0: Swinging Strike 0-1: Ground out 6-3 (Groundball, 6, EV 98.8 MPH)
|
| Top of the 5th over - 0 runs, 0 hits, 0 errors, 0 left on base; Rome 4 - Hillsboro 1 |
| BOTTOM OF THE 5TH |
|
Hillsboro Hops batting - Pitching for Rome Braves : RHP Marvin Rosas
|
|
Batting: SHB Mike Kiefer
|
0-0: Called Strike 0-1: Fly out, F9 (Line Drive, 9D, EV 91.9 MPH)
|
|
Batting: RHB Trevor Corey
|
0-0: Ground out 6-3 (Groundball, 56, EV 103.8 MPH)
|
|
Batting: RHB Brandon Joshua
|
0-0: Called Strike 0-1: Foul Ball, location: 2F 0-2: Strikes out swinging
|
| Bottom of the 5th over - 0 runs, 0 hits, 0 errors, 0 left on base; Rome 4 - Hillsboro 1 |
| TOP OF THE 6TH |
|
Rome Braves batting - Pitching for Hillsboro Hops : RHP Josh Klarich
|
|
Batting: LHB Mike Tenorio
|
0-0: Called Strike 0-1: Ball 1-1: Swinging Strike 1-2: Ball 2-2: Strikes out swinging
|
|
Batting: RHB Ike Trout
|
0-0: Called Strike 0-1: Fly out, F8 (Line Drive, 8LM, EV 90.6 MPH)
|
|
Batting: LHB Javier Rubio
|
0-0: Called Strike 0-1: Ball 1-1: Fly out, F2 (Popup, 3SF, EV 83.8 MPH)
|
| Top of the 6th over - 0 runs, 0 hits, 0 errors, 0 left on base; Rome 4 - Hillsboro 1 |
| BOTTOM OF THE 6TH |
|
Hillsboro Hops batting - Pitching for Rome Braves : RHP Marvin Rosas
|
|
Batting: RHB Larry Valencia
|
0-0: Ground out 5-3 (Groundball, 56, EV 77.5 MPH)
|
|
Batting: RHB Larry Hardman
|
0-0: Swinging Strike 0-1: Foul Ball, location: 2F 0-2: Fly out, F9 (Flyball, 89XD, EV 90.6 MPH)
|
|
Batting: RHB Jeremy Coffey
|
0-0: Called Strike 0-1: Ground out 4-3 (Groundball, 4M, EV 83.1 MPH)
|
| Bottom of the 6th over - 0 runs, 0 hits, 0 errors, 0 left on base; Rome 4 - Hillsboro 1 |
| TOP OF THE 7TH |
|
Rome Braves batting - Pitching for Hillsboro Hops : RHP Josh Klarich
|
|
Pitching: LHP Eric Dennis
|
|
|
Batting: RHB Alex Velasquez
|
0-0: Swinging Strike 0-1: Ball 1-1: Foul Ball, location: 2F 1-2: TRIPLE (Groundball, 3L, EV 101.9 MPH)
|
|
Batting: LHB Joe Phillips
|
0-0: Called Strike 0-1: SINGLE (Groundball, 34D, EV 95.6 MPH) Alex Velasquez scores
|
|
Batting: RHB Ryan Allison
|
0-0: Sac Bunt to 25 - play at first, batter OUT! 5-3 Joe Phillips to second
|
|
Batting: SHB Juan Aguilar
|
0-0: Called Strike 0-1: Ball 1-1: Ball 2-1: Foul Ball, location: 2F 2-2: Ball 3-2: Strikes out swinging
|
|
Batting: LHB J.P. Olson
|
0-0: Called Strike 0-1: Ball 1-1: Ball Wild Pitch! Joe Phillips to third 2-1: Foul Ball, location: 2F 2-2: Ground out 6-3 (Groundball, 6M, EV 98.1 MPH)
|
| Top of the 7th over - 1 run, 2 hits, 0 errors, 1 left on base; Rome 5 - Hillsboro 1 |
| BOTTOM OF THE 7TH |
|
Hillsboro Hops batting - Pitching for Rome Braves : RHP Marvin Rosas
|
|
Batting: LHB Andy Wilmoth
|
0-0: Called Strike 0-1: Ball 1-1: Swinging Strike 1-2: Ball 2-2: Strikes out swinging
|
|
Batting: RHB Jeremy Adams
|
0-0: Called Strike 0-1: Ground out 3-1 (Groundball, 34, EV 106.3 MPH)
|
|
Batting: RHB Bryan Shuller
|
0-0: Fly out, F3 (Popup, 23F, EV 82.5 MPH)
|
| Bottom of the 7th over - 0 runs, 0 hits, 0 errors, 0 left on base; Rome 5 - Hillsboro 1 |
| TOP OF THE 8TH |
|
Rome Braves batting - Pitching for Hillsboro Hops : LHP Eric Dennis
|
|
Pitching: RHP Guillermo Gonzalez
|
|
|
Batting: RHB Badr al Din Ridha
|
0-0: Ball 1-0: Ball 2-0: Called Strike 2-1: Called Strike 2-2: Foul Ball, location: 2F 2-2: SINGLE (Flyball, 89S, EV 100.0 MPH)
|
|
Batting: LHB Mike Tenorio
|
0-0: Called Strike Badr al Din Ridha steals 2nd base 0-1: Ball 1-1: Swinging Strike 1-2: Strikes out looking
|
|
Batting: RHB Ike Trout
|
0-0: Called Strike Badr al Din Ridha steals 3rd base 0-1: Ball 1-1: Ball 2-1: Foul Ball, location: 2F 2-2: Ball 3-2: Base on Balls
|
|
Batting: LHB Javier Rubio
|
0-0: Ball 1-0: Ball Ike Trout steals 2nd base 2-0: Intentional Walk
|
|
Batting: RHB Alex Velasquez
|
0-0: Ball 1-0: SINGLE (Groundball, 34D, EV 99.4 MPH) Badr al Din Ridha scores Ike Trout to third Javier Rubio to second Runner from 3rd tries for Home, SAFE, throw by RF to home
|
|
Batting: LHB Joe Phillips
|
0-0: Ball 1-0: Ball 2-0: Called Strike 2-1: Called Strike 2-2: Foul Ball, location: 2F 2-2: Strikes out swinging
|
|
Batting: RHB Ryan Allison
|
0-0: Called Strike 0-1: Foul Ball, location: 2F 0-2: Ball 1-2: Ball 2-2: Strikes out swinging
|
| Top of the 8th over - 2 runs, 2 hits, 0 errors, 2 left on base; Rome 7 - Hillsboro 1 |
| BOTTOM OF THE 8TH |
|
Hillsboro Hops batting - Pitching for Rome Braves : RHP Marvin Rosas
|
|
Batting: SHB Mike Kiefer
|
0-0: Ball 1-0: Called Strike 1-1: Ground out U3 (Groundball, 3, EV 89.4 MPH)
|
|
Batting: RHB Trevor Corey
|
0-0: Called Strike 0-1: Ball 1-1: Ball 2-1: Ball 3-1: Foul Ball, location: 2F 3-2: Ground out 5-3 (Groundball, 56, EV 81.9 MPH)
|
|
Batting: RHB Brandon Joshua
|
0-0: Called Strike 0-1: Ball 1-1: Foul Ball, location: 2F 1-2: Foul Ball, location: 2F 1-2: Foul Ball, location: 2F 1-2: Foul Ball, location: 2F 1-2: Ball 2-2: Ball 3-2: Ground out 6-3 (Groundball, 6, EV 108.1 MPH)
|
| Bottom of the 8th over - 0 runs, 0 hits, 0 errors, 0 left on base; Rome 7 - Hillsboro 1 |
| TOP OF THE 9TH |
|
Rome Braves batting - Pitching for Hillsboro Hops : RHP Guillermo Gonzalez
|
|
Pitching: LHP Alex Brody
|
|
|
Batting: SHB Juan Aguilar
|
0-0: Called Strike 0-1: Fly out, F8 (Line Drive, 8LD, EV 95.0 MPH)
|
|
Batting: LHB J.P. Olson
|
0-0: Fly out, F9 (Line Drive, 9, EV 93.8 MPH)
|
|
Batting: RHB Badr al Din Ridha
|
0-0: Ground out U3 (Groundball, 3, EV 82.5 MPH)
|
| Top of the 9th over - 0 runs, 0 hits, 0 errors, 0 left on base; Rome 7 - Hillsboro 1 |
| BOTTOM OF THE 9TH |
|
Hillsboro Hops batting - Pitching for Rome Braves : RHP Marvin Rosas
|
|
Batting: RHB Larry Valencia
|
0-0: Ball 1-0: Ground out 4-3 (Groundball, 4, EV 81.9 MPH)
|
|
Pitching: LHP Ron Duffy
|
|
|
Batting: RHB Larry Hardman
|
0-0: Called Strike 0-1: Called Strike 0-2: Foul Ball, location: 2F 0-2: Fly out, F8 (Flyball, 78S, EV 73.8 MPH)
|
|
Batting: RHB Jeremy Coffey
|
0-0: Foul Ball, location: 2F 0-1: Ball 1-1: Foul Ball, location: 2F 1-2: Ground out 4-3 (Groundball, 4, EV 107.5 MPH)
|
| Bottom of the 9th over - 0 runs, 0 hits, 0 errors, 0 left on base; Rome 7 - Hillsboro 1 |
|